 Dungeon Crawl Stone Soup version 0.29-a0-845-g6161e89988 (webtiles) character file.

Game seed: 2012104232745648062

657 Randomanon8888 the Chopper (level 7, -16/62 HPs)
             Began as a Hill Orc Fighter on July 16, 2022.
             Was a Believer of Beogh.
             Killed by an exploding kobold (21 damage)
             ... ignited by their inner flame
             ... on level 6 of the Dungeon.
             The game lasted 00:20:54 (4961 turns).

Randomanon8888 the Chopper (Hill Orc Fighter)       Turns: 4961, Time: 00:20:55

Health: -16/62     AC: 21    Str: 21    XL:     7   Next: 55%
Magic:  7/7        EV:  9    Int:  8    God:    Beogh [**....]
Gold:   172        SH:  4    Dex:  8    Spells: 6/6 levels left

rFire   . . .      SeeInvis .   a - +0 war axe (protect)
rCold   . . .      Faith    .   c - +0 buckler
rNeg    . . .      Spirit   .   b - +1 scale mail
rPois   +          Reflect  .   (no helmet)
rElec   .          Harm     .   (no cloak)
rCorr   .          Rampage  .   (no gloves)
Will    .....                   (no boots)
Stlth   ..........              (no amulet)
HPRegen 0.20/turn               f - ring of poison resistance
MPRegen 0.10/turn               h - +4 ring of protection

@: under a protective aura, studying Evocations, unable to drink
A: claws 1, iridescent scales 1, clumsy 1, inability to drink while threatened 1
a: Renounce Religion, Smiting


You were on level 6 of the Dungeon.
You worshipped Beogh.
Beogh was pleased with you.
You visited 1 branch of the dungeon, and saw 6 of its levels.

You collected 216 gold pieces.
You spent 44 gold pieces at shops.

Inventory:

Hand Weapons
 a - a +0 war axe of protection (weapon)
Armour
 b - a +1 scale mail (worn)
 c - a +0 buckler (worn)
Jewellery
 f - a ring of poison resistance (left claw)
 h - a +4 ring of protection (right claw)
 p - an amulet of reflection
 s - a ring of ice
Wands
 r - a wand of flame (16)
Scrolls
 g - a scroll of identify
 j - a scroll of vulnerability
 l - a scroll of noise
 m - a scroll of immolation
 q - 2 scrolls of amnesia
Potions
 d - 2 potions of might
 i - a potion of flight
 n - a potion of attraction
 o - a potion of haste


   Skills:
 + Level 5.9 Fighting
 + Level 6.6 Axes
 + Level 5.6 Armour
 + Level 1.2 Dodging
 + Level 0.2 Stealth
 + Level 3.9 Shields
 + Level 0.1 Invocations


You had 6 spell levels left.
You didn't know any spells.
Your spell library contained the following spells:

 Spells                   Type           Power      Damage    Failure   Level
 Shock                    Conj/Air       0%         1d3       82%         1
 Confusing Touch          Hex            0%         N/A       99%         3
 Swiftness                Air            0%         N/A       99%         3
 Airstrike                Air            0%         0-1+      100%        4
 Yara's Violent Unravell  Hex/Tmut       0%         3d3       100%        5
 Enfeeble                 Hex            0%         N/A       100%        7


Dungeon Overview and Level Annotations

Branches:
Dungeon (5/15)
 Temple: D:4-7

Altars:
Gozag
Makhleb
Nemelex Xobeh
Okawaru
Sif Muna
Uskayaw
Zin
Beogh

Shops:
D:4 :   D:5 *

Annotations:
D:6 Maggie


Innate Abilities, Weirdness & Mutations

You have sharp fingernails.
You are partially covered in iridescent scales. (AC +2)
You are clumsy. (Dex -2)
You occasionally lose the ability to drink potions when taking damage.


Message History

As you read the scroll of poison, it crumbles to dust.
The kobold hits you but does no damage. You block the kobold's attack.
The kobold completely misses you.
An acid dragon comes into view.
The orc hits you but does no damage.
Really read the scroll of immolation? [Y]es or [N]o only, please.
Really read the scroll of immolation? [Y]es or [N]o only, please.
Really read the scroll of immolation? [Y]es or [N]o only, please.
Really read the scroll of immolation? [Y]es or [N]o only, please.
Really read the scroll of immolation? [Y]es or [N]o only, please.
Really read the scroll of immolation?
As you read the scroll of immolation, it crumbles to dust.
The creatures around you are filled with an inner flame!
You block the kobold's attack. The kobold closely misses you.
The kobold hits you but does no damage.
A scorpion comes into view.
The orc hits you but does no damage.
The scorpion is engulfed in poison gas.
The scorpion is poisoned.
Flame seeps out of the scorpion.
You slash the kobold!
Your weapon exudes an aura of protection.
Beogh accepts your kill.
You hit the kobold but do no damage. You barely miss the kobold.
You hit the orc.
Flame seeps out of the orc.
The kobold explodes!
The fiery explosion engulfs you!!
You feel threatened and lose the ability to drink potions!
Ouch! That really hurt!
* * * LOW HITPOINT WARNING * * *
The fiery explosion engulfs the kobold!!
Beogh accepts your kill.
The kobold explodes!
The fiery explosion engulfs the kobold!!
Beogh accepts your kill. The fiery explosion engulfs you!!
You die...

#.########
#......@h#
#.######K# #.#
#.# #.# #.#
.######## #.# #h#
..§§§§§§### #.#
#K#
..§§§§§§§§#####§#
#'#
..§D§§§§§@§KK§§§§
#......
..§§§§§§§§oK§§§§§
#......
..§§§§§§§§§§§§§§§
#......
..§§§§§§§§§s§§§§§
#..!...
.#####§§§§§§§§§§§
#......
#§§§§§§.§§§§
#......
#§§§§§§§§§§§
#......
#§§§s§§§§§§§


You could see an acid dragon (inner flame), 2 scorpions, an orc (inner flame)
and 3 kobolds.

Vanquished Creatures
  Duvessa (D:4)
  A centaur (D:4)
  Dowan (D:4)
  A gnoll bouda (D:4)
  An orc priest (D:3)
  4 hounds
  2 iguanas (D:4)
  Terence (D:2)
  An orc wizard (D:3)
  6 adders
  A worm (D:3)
  6 dart slugs
  7 orcs
  6 ball pythons
  11 endoplasms
  A giant cockroach (D:4)
  6 goblins
  11 hobgoblins
  14 kobolds
  2 quokkas
  5 bats
  2 frilled lizards
  8 rats
99 creatures vanquished.

Vanquished Creatures (others)
  A fungus (D:2)
1 creature vanquished.

Grand Total: 100 creatures vanquished

Notes
Turn   | Place    | Note
-------+----------+-------------------------------------------
     0 | D:1      | Randomanon8888 the Hill Orc Fighter began the quest for the
                  | Orb.
     0 | D:1      | Reached XP level 1. HP: 19/19 MP: 1/1
   203 | D:1      | Reached XP level 2. HP: 23/27 MP: 2/2
   238 | D:1      | Reached skill level 3 in Axes
   508 | D:1      | Reached XP level 3. HP: 33/33 MP: 3/3
   891 | D:2      | Found a shimmering blue altar of Sif Muna.
   973 | D:2      | Noticed Terence
   980 | D:2      | Killed Terence
   981 | D:2      | Reached skill level 4 in Axes
   981 | D:2      | Reached XP level 4. HP: 35/40 MP: 4/4
  1144 | D:2      | Found a faded altar of an unknown god.
  1154 | D:2      | Prayed at the altar of an unknown god.
  1154 | D:2      | Became a worshipper of Beogh the Brigand
  1154 | D:2      | Reached * piety under Beogh
  2280 | D:3      | Reached XP level 5. HP: 47/47 MP: 5/5
  2308 | D:3      | Found an iron altar of Okawaru.
  2316 | D:3      | Found a sparkling altar of Nemelex Xobeh.
  2775 | D:3      | Found a glowing silver altar of Zin.
  2976 | D:3      | Reached ** piety under Beogh
  3041 | D:3      | Found an opulent altar of Gozag.
  3051 | D:3      | Found a hide-covered altar of Uskayaw.
  3059 | D:3      | Found a burning altar of Makhleb.
  3193 | D:4      | Reached skill level 5 in Axes
  3358 | D:4      | Reached XP level 6. HP: 55/55 MP: 6/6
  3367 | D:4      | Noticed Dowan
  3370 | D:4      | Noticed Duvessa
  3646 | D:4      | Killed Duvessa
  3647 | D:4      | Reached skill level 5 in Fighting
  3647 | D:4      | Reached skill level 5 in Armour
  3647 | D:4      | Reached skill level 1 in Dodging
  3729 | D:4      | Killed Dowan
  3730 | D:4      | Reached skill level 6 in Axes
  3991 | D:4      | Reached XP level 7. HP: 55/61 MP: 7/7
  4569 | D:4      | Gained mutation: You are partially covered in iridescent
                  | scales. (AC +2) [potion of mutation]
  4569 | D:4      | Gained mutation: You are clumsy. (Dex -2) [potion of
                  | mutation]
  4569 | D:4      | Gained mutation: You occasionally lose the ability to drink
                  | potions when taking damage. [potion of mutation]
  4569 | D:4      | Gained mutation: You have sharp fingernails. [potion of
                  | mutation]
  4628 | D:4      | Found Wuteat's Book Emporium.
  4773 | D:5      | Entered Level 5 of the Dungeon
  4864 | D:5      | Found Moalac's Fire Supplies.
  4879 | D:5      | Bought a scroll of immolation for 44 gold pieces
  4909 | D:5      | You fall into a shaft and drop 1 floor!
  4927 | D:6      | Noticed Maggie
  4961 | D:6      | Killed by an exploding kobold... ignited by their inner
                  | flame

Illustrated notes

Levels and vault maps discovered:
D:1:      psy_arrival_basics, layout_rooms
D:2:      layout_basic, basic_altar, shapermc_ecumenical_altar_mp_highgroup,
          dreamdust_princess_corridor, serial_bayou_pond_a,
          dreamdust_mushroom_princess, uniq_terence
D:3:      layout_basic, mainiacjoe_overflow_surrounded_room,
          nicolae_overflow_hallway_of_the_gods, grunt_decor_clamped
D:4:      layout_loops_ring, serial_shops, nicolae_shop_hallway_plus,
          minmay_manual_mullet, uniq_duvessa
D:5:      layout_loops_corners, kennysheep_crisscross, minivault_23, hex_large,
          st_stairs_6, serial_bayou_ford_a, nicolae_shop_fire_sale
          [nicolae_sub_dead_trees], uniq_ijyb, uniq_menkaure,
          uniq_prince_ribbit1
D:6:      layout_basic, grunt_qazlal_clouds, minmay_temple_entry_purple_smoke,
          ebering_ghost_rock_garden, hangedman_abyss_or_decor_lesser_grid,
          grunt_ministairs_2, uniq_blork_the_orc, uniq_grinder, uniq_maggie

Skill      XL: |  1  2  3  4  5  6 |
---------------+-------------------+-----
Axes           | 3 4 5 6 |  6.6
Fighting       | 4 5 |  5.9
Armour         | 4 5 |  5.6
Dodging        | 1 |  1.2
Stealth        | |  0.2
Shields        | |  3.9
Invocations    | |  0.1

Action                   |  1- 3 |  4- 6 |  7- 9 || total
-------------------------+-------+-------+-------++-------
Melee: War axe           |    71 |   159 |    71 ||   301
Invok: Smiting           |       |       |     1 ||     1
  Use: Scroll            |     5 |     6 |     4 ||    15
       Potion            |     2 |     5 |     1 ||     8
Armor: Scale mail        |    48 |    93 |    56 ||   197
Dodge: Dodged            |    38 |    75 |    28 ||   141
Block: Buckler           |    20 |    44 |    20 ||    84

Table legend: (Time is in decaauts)
 A = Elapsed time spent in this place.
 B = Non-inter-level travel time spent in this place.
 C = Inter-level travel time spent in this place.
 D = Time resting spent in this place.
 E = Time spent auto-exploring this place.
 F = Levels seen in this place.
 G = Mean time per level.
                   A        B        C        D        E       F      G
               +--------+--------+--------+--------+--------+-----+--------+
         Total |   5054 |   4447 |    607 |   1248 |   2242 |   6 |  842.3 |
       Dungeon |   5054 |   4447 |    607 |   1248 |   2242 |   6 |  842.3 |
               +--------+--------+--------+--------+--------+-----+--------+

Top non-repeatable levels by time:
     D:3: 1875 daAuts
     D:4: 1241 daAuts
     D:2: 936 daAuts
     D:1: 808 daAuts
     D:5: 137 daAuts
     D:6: 54 daAuts
